 Dungeon Crawl Stone Soup version 0.30.1-9-gdf580d7c3d (webtiles) character file.

Game seed: 9316363700545407434

14149 bearlyready the Carver (level 12, 0/100 HPs)
             Began as a Formicid Artificer on Oct 21, 2023.
             Was an Elder of Ru.
             Killed from afar by Azrael (2 damage)
             ... with a fireball
             ... on level 12 of the Dungeon.
             The game lasted 00:22:20 (14225 turns).

bearlyready the Carver (Formicid Artificer)        Turns: 14225, Time: 00:22:20

Health: 0/100      AC: 15    Str: 18    XL:     12   Next: 41%
Magic:  12/17      EV: 14    Int: 17    God:    Ru [****..]
Gold:   654        SH:  0    Dex: 18    Spells: 16/18 levels left

rFire   . . .        M - +4 scimitar
rCold   . . .        (no shield)
rNeg    . . .        Q - +1 chain mail {Will+}
rPois   .            (helmet unavailable)
rElec   .            I - +1 cloak
rCorr   .            (no gloves)
SInv    +            (no boots)
Will    ++...        p - amulet of faith Stlth
                     a - +6 ring of intelligence
HPRegen 0.36/turn    i - +5 ring of evasion
MPRegen 0.15/turn

%: faith
@: mighty, exhausted, unable to read
A: permanent stasis, dig shafts and tunnels, antennae 3, inability to read after
injury 2, hated by all, no air magic, no conjurations magic, no hexes magic,
four strong arms
a: Dig, Shaft Self, Renounce Religion, Draw Out Power, Power Leap


You were on level 12 of the Dungeon.
You worshipped Ru.
Ru was greatly pleased with you.
You visited 2 branches of the dungeon, and saw 13 of its levels.

You collected 1002 gold pieces.
You spent 348 gold pieces at shops.

Inventory:

Hand Weapons
 g - a +0 great sword
 r - a +2 dagger of protection
 M - a +4 scimitar (weapon)
Armour
 d - +0 acid dragon scales
 A - an orb of guile
 G - a +0 cloak of preservation
 I - a +1 cloak (worn)
 Q - a +1 chain mail of willpower (worn)
Jewellery
 a - a +6 ring of intelligence (left hand)
 i - a +5 ring of evasion (right hand)
 j - an amulet of magic regeneration
 p - an amulet of faith (around neck)
 t - a ring of poison resistance
Wands
 c - a wand of flame (2)
Scrolls
 b - a scroll of brand weapon {unknown}
 e - 4 scrolls of identify
 f - 7 scrolls of teleportation
 h - 2 scrolls of magic mapping
 k - 3 scrolls of noise
 n - a scroll of torment {unknown}
 x - 2 scrolls of enchant armour
 y - 3 scrolls of poison
 B - 3 scrolls of immolation
 C - 5 scrolls of vulnerability
 D - a scroll of blinking {unknown}
 F - a scroll of amnesia
 H - a scroll of fog {unknown}
 J - a scroll of acquirement {unknown}
 K - 4 scrolls of fear
 N - 2 scrolls of butterflies {unknown}
Potions
 l - a potion of degeneration {unknown}
 o - 8 potions of curing
 s - 2 potions of might
 u - a potion of flight {unknown}
 v - 3 potions of attraction {unknown}
 w - 2 potions of brilliance {unknown}
 z - 2 potions of magic {unknown}
 E - 2 potions of lignification {unknown}
 O - 2 potions of experience {unknown}


   Skills:
 - Level 11.0 Fighting
 - Level 2.1(8.1) Short Blades
 + Level 12.1(12.2) Long Blades
 - Level 10.0 Armour
 + Level 2.3 Dodging
 - Level 1.2 Stealth
 + Level 3.6 Spellcasting
 - Level 4.0 Transmutations
 - Level 4.2 Evocations


You had 16 spell levels left.
You knew the following spells:

 Your Spells              Type           Power      Damage    Failure   Level
a - Wereblood             Tmut           16%        N/A       32%         2

Your spell library contained the following spells:

 Spells                   Type           Power      Damage    Failure   Level
 Beastly Appendage        Tmut           32%        N/A       22%         1
 Spider Form              Tmut/Pois      9%         N/A       82%         3
 Ozocubu's Refrigeration  Ice            1%         4d7       100%        7
 Disjunction              Tloc           1%         N/A       100%        8
 Polar Vortex             Ice            1%         N/A       100%        9
 Animate Dead             Necr           Unusable   N/A       N/A         4
 Conjure Ball Lightning   Conj/Air       Unusable   3x3d6     N/A         6
 Simulacrum               Ice/Necr       Unusable   N/A       N/A         6
 Haunt                    Necr/Summ      Unusable   N/A       N/A         7
 Discord                  Hex            Unusable   N/A       N/A         8
 Infestation              Necr           Unusable   N/A       N/A         8

Dungeon Overview and Level Annotations

Branches:
Dungeon (12/15)            Temple (1/1) D:5            Lair (0/5) D:9
    Orc (0/2) D:11

Altars:
Ashenzari
Cheibriados
Dithmenos
Elyvilon
Gozag
Kikubaaqudgha
Makhleb
Nemelex Xobeh
Okawaru
Qazlal
Ru
Sif Muna
Trog
Uskayaw
Vehumet
Wu Jian
Xom
Zin
The Shining One

Shops:
D:5 [   D:6 [   D:7 ?

Annotations:
D:12 Azrael


Innate Abilities, Weirdness & Mutations

You cannot be hasted, slowed, berserked, paralysed or teleported.
You can dig through walls and to a lower floor.
You have a pair of large antennae on your head. (SInv)
You sometimes lose the ability to read scrolls when taking damage.
You are hated by all.
You cannot study or cast Air magic.
You cannot study or cast Conjurations magic.
You cannot study or cast Hexes magic.
Your four strong arms can wield two-handed weapons with a shield.


Message History

The damnation engulfs Azrael.
Azrael completely resists.
You feel much better.
Azrael hits you with a +1 scimitar of flaming!!
* * * LOW HITPOINT WARNING * * *
Azrael burns you.
* * * LOW HITPOINT WARNING * * *
You focus your inner power and illuminate Azrael in retribution!
You feel much better.
Azrael hits you with a +1 scimitar of flaming!
* * * LOW HITPOINT WARNING * * *
Azrael burns you.
* * * LOW HITPOINT WARNING * * *
You feel much better. Azrael barely misses you.
You slash Azrael!
Azrael is heavily wounded.
Azrael barely misses you.
You slash Azrael!
Azrael is heavily wounded.
Azrael hits you but does no damage.
You slice Azrael!!
Azrael is severely wounded.
You hit Azrael. You punch Azrael.
Azrael is severely wounded.
Azrael gestures at you.
The fireball explodes!
The fireball engulfs you!!!
* * * LOW HITPOINT WARNING * * *
The fireball engulfs Azrael.
Azrael completely resists.
Aiming: Power Leap
Press: ? - help, Dir - move target, f/p - Azrael
Aim: Azrael, wielding a +1 scimitar of flaming (severely wounded, softly glowing)
You can't leap on top of the monster!
Aiming: Power Leap
Press: ? - help, Dir - move target, f/p - Azrael
Aim: Azrael, wielding a +1 scimitar of flaming (severely wounded, softly glowing)
You can't leap on top of the monster!
Aiming: Power Leap
Press: ? - help, Dir - move target, p - Azrael Azrael gestures at you.
The fireball explodes!
The fireball engulfs you.
You die...

#...##.........#. ..
###.............. ..
.........##....# # ..
..........#....##.#. ..
..................). .$
.........).......... ..
#.........<......... ..
##........)R........ #.
#..........@........ #.
#..#.....#..............#..
## ##....##..........#.....
##.............○........
#.......#.............
#..##...............
##.#..........#
..##..>......# #.....<..#


You could see Azrael (corona).

Vanquished Creatures
  Gastronok (D:10)
  2 two-headed ogres
  Lodul (D:10)
  An elephant (D:9)
  A gargoyle (D:11)
  2 unseen horrors
  2 kobold demonologists
  3 trolls
  A hornet (D:9)
  5 slime creatures (D:11)
  4 wraiths
  A vampire (D:11)
  A fire elemental (D:11)
  A wyvern (D:9)
  A shadow (D:10)
  10 yaks
  A basilisk (D:9)
  A steam dragon (D:7)
  3 water moccasins
  An acid dragon (D:7)
  Duvessa (D:6)
  3 hell hounds
  6 orc warriors
  A black bear (D:9)
  8 ogres
  4 centaurs
  6 kobold brigands
  3 bullfrogs
  A gnoll sergeant (D:12)
  3 scorpions
  2 wights
  Dowan (D:6)
  8 killer bees
  10 howler monkeys
  A crimson imp (D:5)
  4 orc priests
  A gnoll bouda (D:10)
  2 hounds
  2 sleepcaps (D:6)
  4 iguanas
  16 orc wizards
  6 adders
  6 gnolls
  2 shadow imps
  A white imp (D:5)
  5 ufetubi
  3 worms
  4 dart slugs
  29 orcs
  10 ball pythons
  5 endoplasms
  10 goblins
  10 hobgoblins
  11 jackals
  5 quokkas
  4 bats
  3 frilled lizards (D:1)
  27 kobolds
  7 rats
278 creatures vanquished.

Vanquished Creatures (others)
  A wight (D:7)
1 creature vanquished.

Grand Total: 279 creatures vanquished

Notes
Turn   | Place    | Note
-------+----------+-------------------------------------------
     0 | D:1      | bearlyready the Formicid Artificer began the quest for the
                  | Orb.
     0 | D:1      | Reached XP level 1. HP: 15/15 MP: 1/1
   156 | D:1      | Reached XP level 2. HP: 5/21 MP: 2/2
   319 | D:1      | Reached XP level 3. HP: 8/27 MP: 3/3
  1149 | D:2      | Reached XP level 4. HP: 33/34 MP: 4/4
  1859 | D:3      | Reached XP level 5. HP: 42/42 MP: 5/5
  2591 | D:4      | Identified the +4 short sword "Mis Vetz" {drain, Fragile
                  | rPois rC+ Int+7}
  2656 | D:4      | Reached skill level 1 in Short Blades
  2746 | D:4      | Reached XP level 6. HP: 49/49 MP: 6/6
  2801 | D:4      | Reached skill level 5 in Fighting
  2810 | D:4      | Found a blossoming altar of Fedhas.
  2920 | D:4      | Found a shimmering blue altar of Sif Muna.
  2920 | D:4      | Found a burning altar of Makhleb.
  3172 | D:5      | Entered Level 5 of the Dungeon
  3339 | D:5      | Noticed a water moccasin
  3342 | D:5      | Killed a water moccasin
  3343 | D:5      | Reached skill level 1 in Long Blades
  3343 | D:5      | Reached XP level 7. HP: 53/57 MP: 7/7
  3402 | D:5      | Reached skill level 2 in Long Blades
  3481 | D:5      | Found a broken altar of Ashenzari.
  3511 | D:5      | Found Vedivurch's Antique Armour Shoppe.
  3619 | D:5      | Bought a runed cloak for 180 gold pieces
  3785 | D:5      | Reached skill level 3 in Long Blades
  3873 | D:5      | Found a basalt altar of Yredelemnul.
  3999 | D:5      | Reached XP level 8. HP: 65/65 MP: 8/8
  4065 | D:5      | Found a staircase to the Ecumenical Temple.
  4253 | Temple   | Entered the Ecumenical Temple
  4520 | Temple   | Became a worshipper of Ru the Awakened
  4643 | D:6      | Reached skill level 4 in Long Blades
  4846 | D:6      | Reached skill level 5 in Long Blades
  4856 | D:6      | Noticed a two-headed ogre
  5022 | D:6      | Killed a two-headed ogre
  5023 | D:6      | Reached skill level 6 in Long Blades
  5023 | D:6      | Reached XP level 9. HP: 76/76 MP: 9/9
  5220 | D:6      | Noticed Dowan
  5222 | D:6      | Noticed Duvessa
  5235 | D:6      | Killed Duvessa
  5236 | D:6      | Reached skill level 7 in Long Blades
  5259 | D:6      | Killed Dowan
  5624 | D:6      | Found Gitic's Antique Armour Shoppe.
  6023 | D:6      | Gained mutation: You are hated by all. [Ru sacrifice]
  6023 | D:6      | Reached * piety under Ru
  6283 | D:7      | Reached skill level 10 in Fighting
  6666 | D:7      | Reached skill level 8 in Long Blades
  6841 | D:7      | Reached XP level 10. HP: 48/86 MP: 10/10
  7394 | D:7      | Found Faoxill's Magic Scroll Shoppe.
  7402 | D:7      | Bought 3 scrolls of fear for 144 gold pieces
  7402 | D:7      | Bought a scroll of identify for 24 gold pieces
  8110 | D:8      | Found an ancient bone altar of Kikubaaqudgha.
  8507 | D:8      | Reached skill level 9 in Long Blades
  8507 | D:8      | Reached skill level 5 in Armour
  8725 | D:9      | Gained mutation: You cannot study or cast Air magic. [Ru
                  | sacrifice]
  8725 | D:9      | Gained mutation: You cannot study or cast Hexes magic. [Ru
                  | sacrifice]
  8725 | D:9      | Gained mutation: You cannot study or cast Conjurations
                  | magic. [Ru sacrifice]
  8725 | D:9      | Reached ** piety under Ru
  8725 | D:9      | Reached *** piety under Ru
  8756 | D:9      | Noticed an elephant
  8757 | D:9      | Found a staircase to the Lair.
  9153 | D:9      | Killed an elephant
  9348 | D:9      | Noticed a two-headed ogre
  9865 | D:9      | Reached XP level 11. HP: 76/93 MP: 11/11
 10163 | D:9      | Found a hide-covered altar of Uskayaw.
 10174 | D:9      | Reached skill level 10 in Long Blades
 10366 | D:9      | Killed a two-headed ogre
 10478 | D:10     | Entered Level 10 of the Dungeon
 10603 | D:10     | Noticed Gastronok
 10615 | D:10     | Killed Gastronok
 10823 | D:9      | Learned a level 2 spell: Wereblood
 10881 | D:10     | Reached skill level 11 in Long Blades
 10881 | D:10     | Reached skill level 1 in Transmutations
 10985 | D:10     | Noticed Lodul
 10997 | D:10     | Killed Lodul
 11300 | D:10     | Found an ornate altar of the Wu Jian Council.
 11592 | D:10     | Noticed a two-headed ogre
 11852 | D:11     | Found a staircase to the Orcish Mines.
 12228 | D:11     | Reached XP level 12. HP: 94/100 MP: 12/12
 12277 | D:11     | Gained mutation: You occasionally lose the ability to read
                  | scrolls when taking damage. [Ru sacrifice]
 12277 | D:11     | Gained mutation: You sometimes lose the ability to read
                  | scrolls when taking damage. [Ru sacrifice]
 12277 | D:11     | Reached **** piety under Ru
 12436 | D:11     | Reached skill level 1 in Spellcasting
 12850 | D:12     | Noticed Azrael
 13158 | D:11     | Reached skill level 10 in Armour
 13164 | D:11     | Reached skill level 1 in Dodging
 13278 | D:11     | Reached skill level 12 in Long Blades
 13686 | D:12     | Noticed a boulder beetle
 14224 | D:12     | HP: 2/100 [Azrael/fireball (48)]
 14225 | D:12     | Killed from afar by Azrael

Illustrated notes

Levels and vault maps discovered:
D:1:      elethiomel_arrival_shortcut, layout_loops_ring, st_stairs_2,
          amcnicky_mini_pool_small
D:2:      layout_rooms, serial_bayou_crossing
D:3:      layout_basic
D:4:      layout_cave_pools, fedhas_altar_1,
          chequers_temple_overflow_statue_of_worship
D:5:      layout_gridville, mainiacjoe_overflow_cross_hatched,
          mainiacjoe_overflow_alcove_4, temple_hall_moat, serial_shops, shop,
          minmay_fire_ice_demons
D:6:      minmay_opposing_rooms, layout_basic, serial_shops,
          nicolae_square_shop, hex_large, kennysheep_small_square, uniq_duvessa
D:7:      layout_basic, serial_shops, nicolae_shop_tiny_statue_garden
D:8:      layout_gridville, lemuel_tele_altar
D:9:      layout_basic, nicolae_uskayaw_dance_studio, david_lair_generic
D:10:     layout_small_grid, mainiacjoe_overflow_boulevard, st_stairs_8,
          nicolae_straight_to_the_point, uniq_lodul, uniq_gastronok
D:11:     layout_roguey, david_orc_3
D:12:     layout_cave_pools, ebering_ghost_reflecting_pool, uniq_nergalle,
          uniq_azrael
Temple:   dpeg_chambers_temple

Skill      XL: |  1  2  3  4  5  6  7  8  9 10 11 12 |
---------------+-------------------------------------+-----
Fighting       | 2 4 5 6 9 10 11 | 11.0
Evocations     | 4 |  4.2
Short Blades   | 1 2 |  2.1
Long Blades    | 1 3 6 8 9 11 12 | 12.1
Armour         | 6 9 10 | 10.0
Transmutations | 4 |  4.0
Spellcasting   | 3 |  3.6
Dodging        | 2 |  2.3
Stealth        | |  1.2

Action                     |  1- 3 |  4- 6 |  7- 9 | 10-12 || total
---------------------------+-------+-------+-------+-------++-------
  Melee: Club              |    30 |       |       |       ||    30
         Dagger            |   158 |   137 |       |       ||   295
         Punch             |     1 |     1 |     5 |    13 ||    20
         Short sword       |       |    69 |   275 |    10 ||   354
         Scimitar          |       |       |       |   536 ||   536
  Throw: Throwing net      |       |       |       |     2 ||     2
   Cast: Wereblood         |       |       |       |     1 ||     1
 Invoke: Sacrifice Love    |       |       |     1 |       ||     1
         Sacrifice Arcana  |       |       |       |     1 ||     1
         Power Leap        |       |       |       |     1 ||     1
         Sacrifice Words   |       |       |       |     1 ||     1
Ability: Dig               |     1 |     1 |     3 |     5 ||    10
  Evoke: Wand              |     6 |     5 |    12 |    33 ||    56
    Use: Potion            |       |     1 |       |     8 ||     9
         Scroll            |       |       |       |     9 ||     9
   Stab: Sleeping          |     1 |       |       |       ||     1
         Paralysed         |       |       |       |    21 ||    21
         Held in net/web   |       |       |       |     1 ||     1
         Invisible         |       |       |       |     7 ||     7
         Distracted        |       |       |       |     3 ||     3
 Armour: Leather armour    |    19 |       |       |       ||    19
         Scale mail        |    48 |    90 |    61 |       ||   199
         Chain mail        |       |       |    32 |   237 ||   269
  Dodge: Dodged            |   106 |    93 |   101 |   252 ||   552
